 Seeded DCSS version 0.28.0-47-ge53b351184 (webtiles) character file.

Game seed: 523019199727972820 (custom seed)

317 thiscave3701365 the Chopper (level 6, -6/56 HPs)
             Began as a Minotaur Berserker on May 9, 2022.
             Was a Believer of Trog.
             Killed from afar by an orc wizard (9 damage)
             ... with a puff of flame
             ... on level 4 of the Dungeon.
             The game lasted 00:02:02 (4091 turns).

thiscave3701365 the Chopper (Minotaur Berserker)    Turns: 4091, Time: 00:02:04

Health: -6/56      AC:  9    Str: 24    XL:     6   Next: 20%
Magic:  5/5        EV:  9    Int:  4    God:    Trog [**....]
Gold:   165        SH:  0    Dex:  9    Spells: 5/5 levels left

rFire   . . .      SeeInvis .   a - +0 hand axe
rCold   . . .      Faith    .   (no shield)
rNeg    . . .      Spirit   .   n - +0 chain mail
rPois   .          Reflect  .   (helmet restricted)
rElec   .          Harm     .   (no cloak)
rCorr   .          Rampage  .   (no gloves)
Will    .....                   (no boots)
Stlth   ..........              (no amulet)
HPRegen 0.18/turn               (no ring)
MPRegen 0.09/turn               (no ring)

@: confused, on berserk cooldown, slowed, very slow
A: horns 2, retaliatory headbutt
a: Renounce Religion, Berserk, Trog's Hand


You were on level 4 of the Dungeon.
You worshipped Trog.
Trog was pleased with you.
You visited 1 branch of the dungeon, and saw 4 of its levels.

You collected 165 gold pieces.

Inventory:

Hand Weapons
 a - a +0 hand axe (weapon)
Missiles
 i - 2 throwing nets
Armour
 n - a +0 chain mail (worn)
Jewellery
 b - an amulet of guardian spirit
 h - an amulet of faith
 j - a ring of poison resistance
Scrolls
 c - a scroll of fog
 e - 3 scrolls of teleportation
 o - a scroll of vulnerability
Potions
 d - a potion of curing {unknown}
 f - a potion of berserk rage {unknown}
 g - a potion of resistance
 p - a potion of invisibility {unknown}
 q - a potion of might


   Skills:
 + Level 5.1 Fighting
 + Level 6.3 Axes
 + Level 3.5 Armour
 + Level 3.1 Dodging
 + Level 1.2 Stealth


You had 5 spell levels left.
You didn't know any spells.
Your spell library was empty.

Dungeon Overview and Level Annotations

Branches:
Dungeon (4/15)
 Temple: D:4-7

Altars:
Ashenzari

Annotations:
D:3 3 runed translucent doors, GigaChad's ghost, amateur MiFi


Innate Abilities, Weirdness & Mutations

You have a pair of horns on your head.
You reflexively headbutt those who attack you in melee.


Message History

You feel less porcine.
Your +0 hand axe unmelds from your body.
Your +0 chain mail unmelds from your body.
Ijyb hits you but does no damage.
You closely miss Ijyb. Your headbutt misses Ijyb.
Ijyb is severely wounded.
Ijyb hits you but does no damage.
You fail to use your ability.
Ijyb hits you but does no damage.
A red film seems to cover your vision as you go berserk!
You feel yourself moving faster!
You feel mighty! Ijyb barely misses you.
You closely miss Ijyb. Your headbutt misses Ijyb.
Ijyb is severely wounded.
Ijyb closely misses you. You furiously retaliate!
You headbutt Ijyb!!
You kill Ijyb!
Trog accepts your kill.
You closely miss something. Your headbutt misses something.
Something hits you but does no damage.
You barely miss something. Your headbutt misses something.
You closely miss something. Something hits you but does no damage.
You slash something! Your headbutt misses something.
You hear some strange, mumbled words.
You are confused.
You bump into the rock wall.
You bump into the rock wall.
You feel a strong urge to attack something.
Something hits you.
* * * LOW HITPOINT WARNING * * *
You closely miss something. Something hits you but does no damage.
You bump into the rock wall.
You miss something. Your headbutt misses something.
You hear some strange, mumbled words.
Something tries to affect you, but you resist.
You bump into the rock wall.
You are no longer berserk.
You are exhausted.
You feel yourself slow down.
You hear some strange, mumbled words.
A puff of flame appears from out of thin air!
The puff of flame hits you!
You die...

##).#..##.......# ###)#
##..######......# #.#
#8.)8##..#......# #.#
).)...'..######## #.#
..##..#..# #.#
#######..# #.#
#(...#...### #.#
#....#...#....#######.#
#'#####..# #..{@.....#
.....##..#....#########
.....#...### .##..'...#
##########


There were no monsters in sight!

Vanquished Creatures
  A phantom (D:4)
  A howler monkey (D:4)
  An orc priest (D:4)
  An orc wizard (D:4)
  Ijyb (D:4)
  A hound skeleton (D:4)
  A gnoll (D:1)
  3 adders
  An adder skeleton (D:4)
  2 worms
  3 orcs (D:4)
  9 endoplasms
  3 giant cockroaches
  4 goblins
  5 hobgoblins
  4 quokkas
  5 ball pythons
  6 bats
  A frilled lizard (D:1)
  7 kobolds
  8 rats
68 creatures vanquished.

Notes
Turn   | Place    | Note
-------+----------+-------------------------------------------
     0 | D:1      | thiscave3701365 the Minotaur Berserker began the quest for
                  | the Orb.
     0 | D:1      | Reached XP level 1. HP: 19/19 MP: 0/0
   307 | D:1      | Reached skill level 4 in Axes
   307 | D:1      | Reached XP level 2. HP: 26/27 MP: 1/1
   846 | D:1      | Found a faded altar of an unknown god.
  1294 | D:2      | HP: 2/40 [goblin/+2 dagger of protection (2)]
  1295 | D:2      | Reached XP level 3. HP: 2/33 MP: 2/2
  1773 | D:2      | Found a broken altar of Ashenzari.
  2579 | D:3      | Reached XP level 4. HP: 41/41 MP: 3/3
  2616 | D:3      | Reached skill level 5 in Axes
  2708 | D:3      | Found a runed translucent gate.
  2732 | D:3      | Found a runed translucent gate.
  2857 | D:3      | Found a runed translucent gate.
  2885 | D:3      | Noticed GigaChad's ghost (amateur MiFi)
  3700 | D:4      | Reached ** piety under Trog
  3775 | D:4      | Noticed a phantom
  3776 | D:4      | Reached XP level 5. HP: 47/47 MP: 4/4
  3781 | D:4      | Killed a phantom
  3782 | D:4      | Reached skill level 6 in Axes
  3782 | D:4      | Reached skill level 1 in Stealth
  3829 | D:4      | Reached skill level 5 in Fighting
  4003 | D:4      | Reached XP level 6. HP: 56/56 MP: 5/5
  4051 | D:4      | Noticed Ijyb
  4075 | D:4      | HP: 2/56 [Ijyb/+0 club (8)]
  4081 | D:4      | Killed Ijyb
  4087 | D:4      | HP: 4/84 [something (1)]
  4091 | D:4      | Killed from afar by an orc wizard

Illustrated notes

Levels and vault maps discovered:
D:1:      minmay_arrival_floating_metal, layout_loops_corners,
          shapermc_ecumenical_altar_notcrosses, minivault_11
D:2:      layout_basic, basic_altar
D:3:      layout_basic, gammafunk_ghost_icy
D:4:      minmay_chambers_of_twos, layout_loops_cross,
          minmay_temple_entry_fiery, minmay_fractal_squares_5, uniq_ijyb

Skill      XL: |  1  2  3  4  5 |
---------------+----------------+-----
Axes           | 4 5 6 |  6.3
Fighting       | 4 5 |  5.1
Armour         | 3 |  3.5
Stealth        | 1 |  1.2
Dodging        | 3 |  3.1

Action                   |  1- 3 |  4- 6 || total
-------------------------+-------+-------++-------
Melee: Hand axe          |    76 |    71 ||   147
       Headbutt          |     9 |     6 ||    15
       Unarmed           |       |    22 ||    22
Invok: Berserk           |     1 |     4 ||     5
  Use: Scroll            |       |     7 ||     7
 Stab: Sleeping          |     1 |       ||     1
Armor: Animal skin       |     9 |       ||     9
       Chain mail        |     4 |    29 ||    33
Dodge: Dodged            |    44 |    37 ||    81
